 Dungeon Crawl Stone Soup version 0.23.0 (webtiles) character file.

Game seed: 4047835209395158255

1387 Laan the Cleaver (level 8, -7/76 HPs)
             Began as a Naga Gladiator on Feb 12, 2019.
             Was a Follower of Okawaru.
             Killed by nerve-wracking pain
             ... invoked by a shadow imp
              (13 damage)
             ... on level 7 of the Dungeon.
             The game lasted 00:09:21 (3993 turns).

Laan the Cleaver (Naga Gladiator)                   Turns: 3993, Time: 00:09:21

Health: -7/76      AC:  7    Str: 18    XL:     8   Next: 67%
Magic:  8/8        EV:  9    Int: 10    God:    Okawaru [*.....]
Gold:   301        SH:  0    Dex: 12    Spells: 7/7 levels left

rFire    . . .     SeeInvis +   a - +0 war axe
rCold    + . .     Gourm    .   (no shield)
rNeg     . . .     Faith    .   u - +0 ring mail
rPois    +         Spirit   .   l - +2 hat
rElec    .         Reflect  .   (no cloak)
rCorr    .         Harm     .   (no gloves)
MR       +....                  (no barding)
Stlth    +.........             i - amulet of regeneration
HPRegen  0.62/turn              n - ring of protection from cold
MPRegen  0.11/turn              (no ring)

@: berserk cooldown, slowed, lightly drained, very slow
A: large, see invisible, deformed body, poison resistance, slowness 2, slow
metabolism 1, spit poison 1, AC +2
a: Spit Poison, Heroism, Renounce Religion


You were on level 7 of the Dungeon.
You worshipped Okawaru.
Okawaru was aware of your devotion.
You were hungry.

You visited 2 branches of the dungeon, and saw 8 of its levels.

You collected 301 gold pieces.

Inventory:

Hand Weapons
 a - a +0 war axe (weapon)
 o - a +2 flail of protection
Missiles
 d - 3 throwing nets
 A - 3 javelins (quivered)
Armour
 c - a +0 helmet
 l - a +2 hat (worn)
 u - a +0 ring mail (worn)
Jewellery
 i - an amulet of regeneration (around neck)
 n - a ring of protection from cold (left hand)
Wands
 b - a wand of random effects (16)
 y - a wand of disintegration (14)
Scrolls
 j - 3 scrolls of teleportation
 m - 4 scrolls of remove curse
 q - a scroll of enchant armour {unknown}
Potions
 e - 3 potions of invisibility
 g - 2 potions of curing
 h - a potion of cancellation
 p - a potion of flight
 r - a potion of haste {unknown}
 s - 3 potions of magic {unknown}
 t - 4 potions of degeneration {unknown}
 v - a potion of might {unknown}
 w - 4 potions of resistance {unknown}
 z - a potion of heal wounds {unknown}
Comestibles
 f - 7 rations


   Skills:
 + Level 6.2(6.0) Fighting
 * Level 9.0(8.7) Axes
 - Level 1.7(1.5) Throwing
 - Level 2.4(2.1) Dodging


You had 7 spell levels left.
You didn't know any spells.
Your spell library was empty.

Dungeon Overview and Level Annotations

Branches:
Dungeon (7/15)             Temple (1/1) D:6

Altars:
Cheibriados
Dithmenos
Hepliaklqana
Kikubaaqudgha
Makhleb
Nemelex Xobeh
Okawaru
Sif Muna
Vehumet
Wu Jian
Yredelemnul
Zin
The Shining One

Annotations:
D:2 Sigmund


Innate Abilities, Weirdness & Mutations

You cannot wear boots.
Your serpentine skin is tough. (AC +2)
You have supernaturally acute eyesight. (SInv)
Armour fits poorly on your strangely shaped body.
Your system is resistant to poisons. (rPois)
You cover ground very slowly.
You have a slow metabolism.
You can spit poison.


Message History

The shadow imp hits you but does no damage.
The gnoll shaman barely misses you.
You barely miss the gnoll shaman.
The gnoll shaman is heavily wounded.
You closely miss the shadow imp. The shadow imp completely misses you.
The gnoll shaman hits you with a +0 club.
* * * LOW HITPOINT WARNING * * *
The shadow imp closely misses you.
You hit the gnoll shaman.
The gnoll shaman is severely wounded.
You closely miss the shadow imp.
The gnoll shaman hits you with a +0 club.
* * * LOW HITPOINT WARNING * * *
The shadow imp gestures at you. Pain shoots through your body!
* * * LOW HITPOINT WARNING * * *
The gnoll shaman hits you but does no damage.
The shadow imp gestures at you. Pain shoots through your body!
You die...

#....#####..........#.....
####.#..............#.....
..#..............#.....
..^#....###########....(
....#....#........##..##.
#.. #....#..>.....##..##.
####....#....[..........
#......5#...............
#......@#...............
#......g#........##..###
#......)†........##..#
#.......#.........+...#
#.......#....##..##...#
#.......#....##..# ...#
+.......'....'.... .#
#.......#....#.....
#.......#....##..##


You could see a gnoll shaman and a shadow imp.

Vanquished Creatures
  Eustachio (D:6)
  An ice beast (D:7)
  An ogre (D:5)
  A scorpion (D:5)
  4 wights (D:7)
  A howler monkey (D:4)
  3 jellies
  2 bullfrog zombies
  2 crimson imps (D:6)
  A hound (D:7)
  2 orc wizards
  An iguana (D:4)
  7 worker ants
  Natasha (thrice) (D:3)
  3 gnolls (D:7)
  4 adders
  A shadow imp (D:6)
  4 oozes
  2 adder skeletons (D:4)
  4 worms
  3 dart slugs (D:1)
  A leopard gecko (D:6)
  17 orcs
  9 giant cockroaches
  4 goblins
  2 hobgoblins (D:1)
  4 jackals
  7 kobolds
  2 quokkas
  5 bats
  5 frilled lizards
  4 rats
111 creatures vanquished.

Notes
Turn   | Place    | Note
-------+----------+-------------------------------------------
     0 | D:1      | Laan the Naga Gladiator began the quest for the Orb.
     0 | D:1      | Reached XP level 1. HP: 19/19 MP: 1/1
    21 | D:1      | Reached XP level 2. HP: 21/26 MP: 2/2
   264 | D:1      | Reached XP level 3. HP: 32/33 MP: 3/3
   344 | D:1      | Reached skill level 4 in Axes
   815 | D:2      | Noticed Sigmund
   873 | D:3      | Reached XP level 4. HP: 38/40 MP: 4/4
   991 | D:3      | Noticed Natasha
   995 | D:3      | Killed Natasha
  1079 | D:3      | Noticed Natasha
  1086 | D:3      | Killed Natasha
  1086 | D:3      | Reached XP level 5. HP: 44/49 MP: 5/5
  1131 | D:3      | Reached skill level 5 in Axes
  1527 | D:3      | Noticed Natasha
  1536 | D:3      | Killed Natasha
  1665 | D:4      | Reached XP level 6. HP: 51/57 MP: 6/6
  2015 | D:4      | Reached skill level 6 in Axes
  2039 | D:4      | Found a deep blue altar of Sif Muna.
  2402 | D:5      | Entered Level 5 of the Dungeon
  2663 | D:5      | Found a shadowy altar of Dithmenos.
  2674 | D:5      | Reached XP level 7. HP: 62/66 MP: 7/7
  2998 | D:6      | Noticed Eustachio
  3015 | D:6      | Killed Eustachio
  3015 | D:6      | Reached skill level 7 in Axes
  3086 | D:6      | Reached skill level 5 in Fighting
  3121 | D:6      | Found a hazy altar of Hepliaklqana.
  3253 | D:6      | Found a staircase to the Ecumenical Temple.
  3272 | Temple   | Entered the Ecumenical Temple
  3319 | Temple   | Became a worshipper of Warmaster Okawaru
  3354 | D:5      | Reached XP level 8. HP: 29/75 MP: 8/8
  3593 | D:6      | Reached skill level 8 in Axes
  3638 | D:6      | Found a burning altar of Makhleb.
  3805 | D:7      | Found a glowing golden altar of the Shining One.
  3847 | D:7      | Reached * piety under Okawaru
  3973 | D:7      | Reached skill level 9 in Axes
  3993 | D:7      | Killed from afar by a shadow imp

Skill      XL: |  1  2  3  4  5  6  7  8 |
---------------+-------------------------+-----
Axes           | 4 5 6 7 9 |  9.0
Fighting       | 3 4 5 6 |  6.2
Throwing       | |  1.7
Dodging        | |  2.4

Action                   |  1- 3 |  4- 6 |  7- 9 || total
-------------------------+-------+-------+-------++-------
Melee: War axe           |    80 |   182 |   162 ||   424
 Abil: Spit Poison       |       |       |     1 ||     1
Evoke: Wand              |       |       |     2 ||     2
  Use: Scroll            |     1 |     6 |     3 ||    10
       Potion            |       |       |     4 ||     4
 Stab: Sleeping          |     1 |       |       ||     1
  Eat: Chunk             |       |     5 |     3 ||     8
Armor: Leather armour    |    31 |       |       ||    31
       Chain mail        |    24 |    50 |       ||    74
       Ring mail         |       |    37 |    85 ||   122
Dodge: Dodged            |    66 |    78 |   109 ||   253
